[Event "55th Iranian-ch Men Final 2022"]
[Site "Iran"]
[Date "2022.06.21"]
[Round "9.5"]
[White "Mousavi, Seyed Khalil"]
[Black "Daghli, Arash"]
[Result "1-0"]
[ECO "C77"]
[WhiteElo "2524"]
[BlackElo "2441"]
[Annotator "TA"]
[PlyCount "72"]
[EventDate "2022.06.15"]
[EventType "tourn"]
[EventCountry "IRI"]
[SourceTitle "playchess.com"]
[Source "ChessBase"]
[SourceQuality "1"]
[TimeControl "40/5400+30:1800+30"]

1. e4 e5 2. Nf3 Nc6 3. Bb5 a6 4. Ba4 Nf6 5. d3 d6 6. c4 g6 {[%emt 0:00:45] The main line 6...g6 scores better than 6...Be7.} 7. Nc3 Bg7 8. Nd5 {[%emt 0:01:54] C77: Ruy Lopez: 3...a6 4 Ba4 Nf6, unusual lines.} h6 9. O-O (9. Nb4 $5 ) 9... O-O {[%emt 0:00:38] [#]} 10. h3 $146 {[%emt 0:01:12] The position is equal.} ({Predecessor:} 10. Be3 Bd7 11. Rc1 Kh7 12. Re1 Ng4 13. h3 Nxe3 14. fxe3 f5 15. Nd2 f4 16. Rf1 fxe3 17. Nxe3 {0-1 (85) Priyanka,K (2218)-Mohota,N (2195) Tornelo INT 2021}) 10... Rb8 11. Bc2 b5 12. Be3 Kh7 13. Qc1 Bd7 14. Rd1 Nh5 15. cxb5 axb5 16. a4 Nf6 (16... Nd4 $11 17. Bxd4 exd4) 17. a5 Ra8 18. Qd2 b4 (18... Nxd5 $11 19. exd5 Nd4 20. Nxd4 exd4) 19. a6 {[%emt 0:04:33] And now Bb3 would win. 0x0.001e651e0e28dp-1022s more active pieces.} Nxd5 20. exd5 Ne7 21. Bb3 Qc8 $1 22. Rdc1 $36 {[%emt 0:04:33][%mdl 2048] White has some pressure.} (22. Qxb4 Rxa6 23. Rxa6 Qxa6 $15) 22... c5 (22... Nf5 $1 $14) 23. dxc6 $1 $16 Bxc6 24. Qxb4 Rxa6 25. Rxa6 ({Don't take} 25. Qxd6 $6 Rxa1 26. Rxa1 Qb7 27. Nxe5 Bxg2 $14) 25... Qxa6 26. Qxd6 Qb7 {[%emt 0:00:01][%csl LRb3,LRf3] [#]} 27. Nd2 $1 ({Resist} 27. Nxe5 $6 Bxg2 28. Nd7 Bxh3 29. Nxf8+ Bxf8 $14) 27... f5 (27... Bxg2 $2 28. Rc7 Nf5 29. Rxb7 $18) 28. f3 Rc8 (28... Rf6 $16 {is a better defense.} 29. Qxe5 Rf8) 29. Ra1 (29. Be6 $18 {and White stays clearly on top.} Rf8 30. Ra1) 29... Qc7 30. Qe6 Bb7 31. Bf2 (31. Bb6 $16 Qc6 32. Qxc6 (32. Qxe7 Qxb6+ 33. Kh1 Rc7 $11) 32... Bxc6 33. Ra5) 31... Rd8 $2 {[%emt 0:00:01][%mdl 8192] A mistake that costs the game.} (31... Qd8 $14) 32. Bb6 $18 Qd6 33. Bxd8 Qxd8 34. Kh1 {[%emt 0:00:48] [#] Threatens to win with Ra7.} Bc8 35. Qf7 {[%emt 0:00:43] aiming for Ra7.} Qxd3 (35... Bb7 $18 36. d4 h5 37. dxe5 Qxd2 38. Qxe7 Bxf3 39. gxf3 Qxb2) 36. Qxe7 (36. Ra7 $142 Qd7 37. Rxd7 Bxd7 38. Qxe7 Bc6 39. Qd8 h5 40. Bg8+ Kh8 41. Bf7+ Kh7 42. Qg5) 36... Qxd2 {[%emt 0:00:04] Weighted Error Value: White=0.11 (very precise) /Black=0.64} 1-0

[Event "55th Iranian-ch Men Final 2022"]
[Site "Iran"]
[Date "2022.06.21"]
[Round "9.6"]
[White "Atakhan, Abtin"]
[Black "Daneshvar, Bardiya"]
[Result "0-1"]
[ECO "D43"]
[WhiteElo "2358"]
[BlackElo "2486"]
[Annotator "TA"]
[PlyCount "63"]
[EventDate "2022.06.15"]
[EventType "tourn"]
[EventCountry "IRI"]
[SourceTitle "playchess.com"]
[Source "ChessBase"]
[SourceQuality "1"]
[TimeControl "40/5400+30:1800+30"]

1. d4 Nf6 2. c4 e6 3. Nf3 d5 4. Nc3 c6 5. Bg5 h6 6. Bxf6 Qxf6 7. e3 g6 8. Bd3 {[%emt 0:00:15] D43: Semi-Slav: 5 Bg5 h6.} Bg7 9. O-O Qe7 10. Rc1 {[%emt 0:00:18] White is slightly better.} O-O {[%emt 0:00:44] [#]} 11. e4 $146 ({Predecessor:} 11. Qe2 Nd7 12. Rfd1 dxc4 13. Bxc4 e5 14. d5 e4 15. Nd2 Bxc3 16. d6 Qe5 17. Rxc3 {1-0 (56) Harutyunian,T (2550)-Yoo,C (2548) Saint Louis 2022}) 11... dxe4 $1 12. Nxe4 Rd8 (12... f5 $5 ) 13. c5 Bxd4 14. Nxd4 Rxd4 15. Qe2 (15. Qd2 $11 {is superior.}) 15... e5 $1 $15 16. Nd6 {[%emt 0:36:52] Prevents Bf5.} Nd7 (16... Be6 $15) 17. Bc4 {[%emt 0:04:33] Black continues to play with concentration.} (17. b4 $11 {keeps the balance.}) 17... Nxc5 $17 18. Nxf7 (18. Bxf7+ $17 {was called for.} Kg7 19. Nxc8 Rxc8 20. Bc4) 18... b5 $19 19. Qc2 Kg7 (19... Rxc4 20. Qxg6+ Kf8 21. Nxh6 $11 (21. Rxc4 bxc4 22. Nxh6 Qe6 $15)) 20. Be2 Rd5 (20... Qxf7 21. Qxc5 Bd7 22. f4 $14 (22. Qxe5+ Qf6 $11)) (20... Nb7 $2 21. Nxe5 Qxe5 22. Qxc6 $19) 21. b4 Bf5 (21... Qxf7 22. bxc5 Rd4 23. f4 $17) 22. Qc3 Na4 (22... Kxf7 23. bxc5 Rd4 24. Bf3 $17) 23. Qxc6 Nb6 {[%emt 0:00:04] [#] White must now prevent ...Rc8.} 24. Rc5 (24. Nxh6 $142 Kxh6 25. Qc3) 24... Rc8 {[%emt 0:01:48] Black is clearly winning.} ({Not} 24... Qxf7 $2 25. Qxb5 Rad8 26. Re1 $19) 25. Qxb5 Rcxc5 ({But not} 25... Qxf7 $2 26. Qa5 $19) 26. bxc5 Rxc5 ({Wrong is} 26... Qxf7 $2 27. Rc1 $19) 27. Qb4 Kxf7 28. g4 Bd7 29. f4 e4 30. Qd4 Rc8 31. Kh1 Qc5 32. Qd1 {[%emt 0:00:36] Weighted Error Value: White=0.50/Black=0.09 (flawless)} 0-1

[Event "55th Iranian-ch Men Final 2022"]
[Site "Iran"]
[Date "2022.06.21"]
[Round "9.7"]
[White "Darini, Pouria"]
[Black "Khamisi, S Jafar"]
[Result "1-0"]
[ECO "C27"]
[WhiteElo "2431"]
[BlackElo "2118"]
[Annotator "TA"]
[PlyCount "110"]
[EventDate "2022.06.15"]
[EventType "tourn"]
[EventCountry "IRI"]
[SourceTitle "playchess.com"]
[Source "ChessBase"]
[SourceQuality "1"]
[TimeControl "40/5400+30:1800+30"]

1. e4 e5 2. Bc4 Nf6 3. d3 Bc5 4. Nc3 c6 5. Nf3 d6 6. O-O O-O {[%emt 0:00:00] C27: Vienna Game: 2...Nf6 3 Bc4 Nxe4.} 7. h3 Re8 8. a3 {[%emt 0:00:00] [#]} Bb6 $146 {[%emt 0:00:00] The position is equal.} ({Predecessor:} 8... a5 9. Ba2 Nbd7 10. Ne2 h6 11. Ng3 d5 12. Re1 Qb6 13. Qd2 a4 14. Re2 Qc7 {0-1 (32) Bourgault,J-Foersti,E (2124) ICCF email 2018}) 9. Re1 Nbd7 10. Be3 Bxe3 11. Rxe3 Nf8 12. d4 Ng6 13. Bf1 (13. Ng5 {is interesting.} Re7 14. dxe5 Nxe5 15. Be2) 13... h6 14. a4 a5 15. g3 Be6 16. Bg2 Qc7 17. Qe1 Rad8 18. Rd1 Bc4 19. b3 Ba6 20. Kh2 Re7 21. Rd2 Ree8 22. Kg1 c5 (22... b6 $11 {keeps the balance.}) 23. d5 (23. dxe5 $16 dxe5 24. Rxd8 Qxd8 25. Bf1) 23... c4 $11 24. Bf1 cxb3 25. cxb3 Bxf1 (25... Ne7 $11) 26. Qxf1 $14 Nd7 27. Nb5 Qb8 28. Rc2 Nc5 29. h4 b6 30. h5 $36 {[%emt 0:00:00][%mdl 2048] White fights for an advantage.} Ne7 31. Nh4 {[%emt 0:00:00] Against f5} Qc8 32. f4 exf4 (32... Qg4 $11 33. Qe2 Qxe2 34. Rcxe2 Kh7) 33. Qxf4 $16 Qd7 34. Nd4 {[%emt 0:02:30] Prevents f5.} f6 35. Rh2 (35. g4 $16) 35... Rf8 (35... Rc8 $14) 36. g4 Rde8 37. Rg2 Rf7 38. Nhf5 Nc8 39. Nh4 {[%emt 0:02:13] White is much more active.} (39. Rc2 $16) 39... Re5 (39... Ne7 $1 $11) 40. Ng6 (40. Nc6 $16) 40... Qe8 $2 {[%emt 0:00:00] [#] A mistake that costs the game.} (40... Ne7 $1 $11) 41. Nf5 $1 $18 ({Don't go for} 41. Nxe5 $2 dxe5 42. Qg3 exd4 $19) 41... Qd8 42. Nxe5 ({Inferior is} 42. Nxh6+ gxh6 43. Nxe5 dxe5 44. Qxh6 Rh7 45. Qg6+ Rg7 $15) 42... fxe5 43. Qg3 {[%emt 0:05:52] g5 is the strong threat.} Qg5 44. Rf2 Kh7 (44... Ne7 {keeps fighting.} 45. Nxe7+ (45. Nxd6 Rf4 $16) 45... Qxe7) 45. Kg2 Rf8 46. Kh3 Rf7 47. Rff3 Qd8 48. Qh4 Qd7 (48... Qxh4+ $142 49. Kxh4 Rd7) 49. Kg2 Ne7 50. Nxe7 Rxe7 51. g5 {[%emt 0:00:15] [#] Rf8 would kill now.} hxg5 52. Qxg5 {[%emt 0:00:01] Threatening mate with Rf8.} Qe8 {[%emt 0:00:26] Prevents Rf8.} 53. Rf5 {[%emt 0:01:49] And now Qg4 would win.} Nd7 54. Rg3 Nc5 55. Qg4 Kh8 {[%emt 0:00:54] Weighted Error Value: White=0.12 (very precise) /Black=0.45} 1-0

[Event "55th Iranian-ch Men Final 2022"]
[Site "Iran"]
[Date "2022.06.22"]
[Round "10.1"]
[White "Mosadeghpour, Masoud"]
[Black "Khamisi, S Jafar"]
[Result "1-0"]
[ECO "C67"]
[WhiteElo "2474"]
[BlackElo "2118"]
[Annotator "TA"]
[PlyCount "79"]
[EventDate "2022.06.15"]
[EventType "tourn"]
[EventCountry "IRI"]
[SourceTitle "playchess.com"]
[Source "ChessBase"]
[SourceQuality "1"]
[TimeControl "40/5400+30:1800+30"]

1. e4 e5 2. Nf3 Nc6 3. Bb5 Nf6 4. O-O Nxe4 5. d4 Nd6 6. dxe5 Nxb5 7. a4 d6 8. e6 Bxe6 {[%emt 0:04:07][%cal Ob5a3] C67: Ruy Lopez: Berlin Defence: 4 0-0 Nxe4.} 9. axb5 Ne5 10. Nd4 Be7 {[%emt 0:02:17] The position is equal.} 11. f4 Nc4 12. Nc3 d5 {[%emt 0:17:57] [#]} 13. Re1 $146 ({Predecessor:} 13. b3 Nb6 14. f5 Bd7 15. f6 Bxf6 16. Ba3 Be6 17. Nce2 Qd7 18. Nf4 Kd8 19. Bc5 {½-½ (47) Ivanauskas,R (2351)-Conde Poderoso,A (2371) ICCF email 2018}) 13... Bc5 {[%emt 0:21:57] [#] ...Qf6 is the strong threat.} 14. Na4 $1 Bxd4+ 15. Qxd4 O-O $36 {[%emt 0:40:52][%mdl 2048] Black is more active.} 16. Nc5 (16. b3 $5 Nd6 17. Bb2 $11) 16... b6 17. Nxe6 fxe6 18. b3 Nd6 19. Rxe6 (19. Bb2 $5 Nf5 20. Qe5 $11) 19... Nxb5 20. Qe5 c5 (20... Rf7 $5 ) 21. Bb2 d4 (21... Rf7 $17 {Threatens to win with ...Nc7.} 22. Qe2 Nc7) 22. Re7 $11 {[%emt 0:01:34][%csl Ge7][%cal Re5g7] Prevents Nc7.} Rf7 23. Rxf7 Kxf7 24. b4 ({Much weaker is} 24. Qe2 Qe8 25. Qf1 Rc8 $17) 24... Rc8 25. c4 dxc3 $1 26. Bxc3 Qf6 27. Qh5+ ({Reject} 27. Qd5+ Qe6 28. Qh5+ Kg8 $15) 27... Qg6 28. Qh3 Rd8 {[%emt 0:00:00] And now ...Qd3 would win.} 29. bxc5 bxc5 30. f5 Qd6 31. Qxh7 Nxc3 32. Rxa7+ Rd7 33. Qh5+ Kf6 $2 {[%emt 0:03:47][%mdl 8192] [#]} (33... Ke7 $11 34. Qg5+ Kf7 35. Qh5+ Ke7 36. Qg5+ Kf7 37. Qh5+) 34. Ra6 $3 Qxa6 35. Qg6+ {[%emt 0:00:07][%mdl 64] Skewer} Ke5 {[%emt 0:00:11] ( -> ...Qa1+)} 36. Qxa6 {[%emt 0:00:03] Hoping for Qe6+.} Rd1+ 37. Kf2 Ne4+ (37... Kxf5 $142 38. Qc8+ Ke4 39. Qxc5 Rd2+ 40. Kg3 Nd5 41. Qc4+ Rd4 42. Qe2+ Kf5 43. Qc2+ Ke6 44. Qg6+ Nf6) 38. Ke2 $18 Nc3+ 39. Kf3 {[%emt 0:00:32] Strongly threatening Qc4.} Nd5 (39... Kd4 $142 40. Qa7 Rf1+ 41. Kg4 Ne4 42. Qxg7+ Kd3) 40. Qe2+ {[%emt 0:00:00] Weighted Error Value: White=0.19 (very precise) /Black=0.44} 1-0

[Event "55th Iranian-ch Men Final 2022"]
[Site "Iran"]
[Date "2022.06.22"]
[Round "10.3"]
[White "Daghli, Arash"]
[Black "Atakhan, Abtin"]
[Result "1-0"]
[ECO "A22"]
[WhiteElo "2441"]
[BlackElo "2358"]
[Annotator "TA"]
[PlyCount "121"]
[EventDate "2022.06.15"]
[EventType "tourn"]
[EventCountry "IRI"]
[SourceTitle "playchess.com"]
[Source "ChessBase"]
[SourceQuality "1"]
[TimeControl "40/5400+30:1800+30"]

1. c4 e5 2. Nc3 Nf6 3. g3 Bb4 4. Bg2 O-O 5. e4 Bxc3 6. dxc3 d6 7. Qe2 a6 {[%emt 0:04:16] 7...a5 gains popularity. A22: English Opening: 1...e5 2 Nc3 Nf6.} 8. a4 Nbd7 9. Nf3 (9. a5 $11) 9... Nc5 $15 {[%emt 0:20:41] Black is slightly better.} 10. Nd2 a5 11. b3 {[%emt 0:11:29] [#]} Bg4 $146 ({Predecessor:} 11... b6 12. Rb1 Bb7 13. O-O Re8 14. Rd1 Rb8 15. f3 c6 16. Nf1 h6 17. Ne3 Qc7 {½-½ (30) Schlemermeyer,W-Anbuhl,E Germany 1980}) 12. Qe3 Qd7 13. Ba3 Bh3 14. Bxh3 Qxh3 15. Bxc5 Ng4 16. Qe2 {[%emt 0:00:36][%cal Of2f3] And now f3! would win.} dxc5 17. O-O-O Rad8 18. f3 Nf6 19. Rhe1 Rd7 20. Nf1 Rfd8 21. Rxd7 Rxd7 22. Ne3 c6 23. Kc2 Qe6 24. Nd1 Ne8 25. Nf2 Nc7 26. Nd3 Qe7 27. f4 exf4 28. gxf4 Rd8 (28... f6 $142) 29. Qe3 (29. f5 $16) 29... b6 $14 30. f5 Qh4 (30... f6 $14) 31. Qg3 ({White should play} 31. h3 $1) 31... Qxg3 $16 32. hxg3 {[%emt 0:00:01][%mdl 4096] Endgame KRN-KRN} Na6 33. e5 Nc7 34. g4 Kf8 35. Rb1 Ke7 36. Kd2 Na6 (36... h6 $16 {was necessary.}) 37. Ke3 (37. g5 $1 $18) 37... h6 38. b4 cxb4 39. cxb4 axb4 40. Nxb4 Nb8 41. Nd3 Nd7 42. c5 Nxc5 (42... bxc5 $14 43. Rb7 Ke8) 43. Nxc5 bxc5 $14 {[%emt 0:00:01] KR-KR} 44. a5 $1 c4 45. a6 c3 {[%emt 0:01:14] [#]} 46. Rb7+ $1 Ke8 {[%emt 0:06:57] ( -> ...c2)} 47. Rc7 c5 {[%emt 0:03:27] Loses the game.} (47... c2 $16 48. Rxc6 Rd5) 48. Rxc5 $18 Ra8 49. Rc6 {[%emt 0:00:21] Threatens to win with Kd3.} ({Worse is} 49. Rxc3 Rxa6 50. Rc4 Kd7 $11) 49... Kd7 {[%emt 0:00:57] [#]} 50. Rd6+ ({Weaker is} 50. Rxc3 Rxa6 51. Rc4 Ra1 $11) 50... Kc7 $2 (50... Ke7 51. Kd3 Rc8) 51. Kd3 Re8 52. a7 {[%emt 0:00:59] aiming for Ra6.} Ra8 53. Ra6 Kb7 54. Ra1 Rd8+ 55. Kxc3 Ka8 56. Kc4 {[%emt 0:00:27] White mates.} g6 57. Kc5 Re8 58. Kd6 h5 59. e6 gxf5 60. gxf5 fxe6 61. f6 {[%emt 0:00:41] Weighted Error Value: White=0.09 (flawless) /Black=0.32} 1-0

[Event "55th Iranian-ch Men Final 2022"]
[Site "Iran"]
[Date "2022.06.22"]
[Round "10.4"]
[White "Poormosavi, Seyed Kian"]
[Black "Mousavi, Seyed Khalil"]
[Result "1/2-1/2"]
[ECO "C45"]
[WhiteElo "2358"]
[BlackElo "2524"]
[Annotator "TA"]
[PlyCount "36"]
[EventDate "2022.06.15"]
[EventType "tourn"]
[EventCountry "IRI"]
[SourceTitle "playchess.com"]
[Source "ChessBase"]
[SourceQuality "1"]
[TimeControl "40/5400+30:1800+30"]

1. e4 e5 2. Nf3 Nc6 3. d4 exd4 4. Nxd4 Nf6 5. Nxc6 bxc6 6. e5 Qe7 7. Qe2 Nd5 8. c4 Nb6 9. Nc3 Qe6 {[%emt 0:01:54] C45: Scotch Game.} 10. b3 a5 11. Bd2 a4 {[%emt 0:09:07] [#] And now ...axb3 would win.} 12. Rb1 axb3 13. axb3 Bb4 14. Qe4 $1 d5 15. exd6 $1 cxd6 16. Bd3 {[%emt 0:00:17] [#]} O-O $146 {[%emt 0:05:27] [#] Hoping for ...Bxc3.} ({Predecessor:} 16... d5 17. cxd5 cxd5 18. Qe3 d4 19. Qxe6+ Bxe6 20. Na4 Nd5 21. Be4 Rb8 22. Bxb4 Rxb4 {0-1 (42) Velimirovic,R-Somborski,N Yugoslavia 1996}) 17. O-O Qxe4 18. Bxe4 Bd7 {[%emt 0:01:58] Weighted Error Value: White=0.02 (flawless) /Black=0.06 (flawless)} ({Black should play} 18... d5 $11 19. cxd5 Re8) 1/2-1/2

[Event "55th Iranian-ch Men Final 2022"]
[Site "Iran"]
[Date "2022.06.22"]
[Round "10.5"]
[White "Naderi, Abdollah"]
[Black "Ghaem Maghami, Ehsan"]
[Result "0-1"]
[ECO "A46"]
[WhiteElo "2050"]
[BlackElo "2519"]
[Annotator "TA"]
[PlyCount "76"]
[EventDate "2022.06.15"]
[EventType "tourn"]
[EventCountry "IRI"]
[SourceTitle "playchess.com"]
[Source "ChessBase"]
[SourceQuality "1"]
[TimeControl "40/5400+30:1800+30"]

1. d4 Nf6 2. Nf3 e6 3. g3 b5 4. Bg2 c5 5. O-O Bb7 6. a4 b4 7. c4 cxd4 {[%emt 0:02:20] A46: 1 d4 Nf6 2 Nf3 e6: Torre, London and Colle Systems.} 8. Nbd2 Qc7 9. Nxd4 Bxg2 {[%emt 0:02:21] The position is equal.} 10. Kxg2 {[%emt 0:00:30] [#]} a6 $146 ({Predecessor:} 10... Qb7+ 11. N2f3 Be7 12. Bf4 a6 13. Nb3 Nc6 14. Bd6 Ne4 15. Bxe7 Nxe7 16. Qd3 Rd8 {1-0 (45) Schatz,C (2193)-Dimitrov,D (2191) Pardubice 2019}) 11. e4 Bc5 12. N4b3 O-O 13. Qe2 d6 14. Re1 Nc6 15. Nf3 Nd7 16. Be3 Rac8 17. Rad1 Bxe3 18. Qxe3 Nce5 19. Nbd2 Ng4 20. Qe2 Nc5 21. h3 Ne5 {[%emt 0:00:09] aiming for ...Ned3.} 22. b3 Ned3 ({Black should play} 22... Nc6 $17) 23. Rf1 $1 $15 d5 $36 {[%emt 0:01:00][%mdl 2048] Black has some pressure.} 24. e5 ({Of course not} 24. exd5 exd5 25. Nh4 Rfe8 $17) (24. cxd5 $15 exd5 25. Ne1 dxe4 26. Nxe4) 24... Rfe8 $17 {[%emt 0:00:50] Black is much more active.} 25. Nb1 $2 {[%emt 0:01:49][%mdl 8192] Now White is beyond hope.} (25. Rb1 $17) 25... dxc4 $19 26. bxc4 Rcd8 27. Rd2 Rd7 28. Ra2 Red8 29. Nbd2 Qc6 {[%emt 0:00:21] Strongly threatening ...b3.} 30. a5 $2 (30. Kh2) 30... b3 {[%emt 0:00:28] Black is clearly winning.} 31. Ra3 {[%emt 0:00:19] [#]} Qb7 (31... Nf4+ $142 $1 32. gxf4 Rxd2) 32. Kg1 Qb4 33. Raa1 b2 34. Rab1 Nc1 35. Qe3 (35. Rfxc1 $142 bxc1=N 36. Rxc1 Rxd2 37. Nxd2 Rxd2 38. Qe1) 35... Rxd2 36. Nxd2 Rxd2 37. Qf3 {[%emt 0:00:02] [#] Intending Qa8+ and mate.} h6 38. Rd1 Ne2+ {[%emt 0:01:30] Weighted Error Value: White=0.81/Black=0.34} 0-1

[Event "55th Iranian-ch Men Final 2022"]
[Site "Iran"]
[Date "2022.06.22"]
[Round "10.6"]
[White "Omidi, Arya"]
[Black "Ashraf, Artin"]
[Result "1-0"]
[ECO "B12"]
[WhiteElo "2321"]
[BlackElo "2096"]
[Annotator "TA"]
[PlyCount "95"]
[EventDate "2022.06.15"]
[EventType "tourn"]
[EventCountry "IRI"]
[SourceTitle "playchess.com"]
[Source "ChessBase"]
[SourceQuality "1"]
[TimeControl "40/5400+30:1800+30"]

1. e4 c6 2. d4 d5 3. e5 Bf5 4. Nf3 e6 5. Be2 Ne7 6. O-O Ng6 {[%emt 0:00:10] B12: Caro-Kann: Advance Variation.} 7. a4 c5 8. Be3 {[%emt 0:01:13] [#]} Bg4 $146 {[%emt 0:00:49] White is slightly better.} ({Predecessor:} 8... Nc6 9. dxc5 Ngxe5 10. Nxe5 Nxe5 11. Na3 Nc6 12. c3 Be7 13. f4 O-O 14. Qd2 Na5 {0-1 (60) Hagner,B (2186)-Collin,M (2052) Payerne 2022}) 9. c3 cxd4 10. cxd4 ({But not} 10. Qxd4 Bxf3 11. Bxf3 Nc6 $17) 10... Nc6 11. Qb3 a6 12. Rc1 (12. Qxb7 $2 Na5 13. Bb5+ axb5 14. Qxb5+ Qd7 $19) 12... Qc7 {[%emt 0:11:01] aiming for ...Bxf3.} 13. Nbd2 Nge7 14. Qc3 Qb6 {[%emt 0:19:31] Prevents b4.} 15. a5 Qb4 16. Bd1 Nc8 17. h3 Bxf3 18. Nxf3 Qe7 19. Bd2 Qd7 20. Qd3 N8a7 21. Bc3 {[%emt 0:01:14] White is more active.} Be7 22. Ba4 O-O 23. Re1 Nb5 24. Bd2 Rfc8 25. Bc2 $40 {[%emt 0:06:05][%mdl 128] White mounts an attack.} g6 26. Bb1 ({Better is} 26. Ra4 $1 $14) 26... Bb4 27. h4 Bxd2 28. Qxd2 Qe7 29. Ra4 f5 (29... h5 $11) 30. exf6 $16 Qxf6 31. h5 gxh5 (31... Rc7 $16) 32. Ng5 $1 $18 Nbxd4 33. Nxh7 Qg7 34. Ra3 {[%emt 0:00:05] Against Nf3+. Rg3 is the strong threat.} Ne5 35. Qf4 {[%emt 0:03:12] Against Ndf3+} (35. Qxd4 $2 Nf3+ $1 36. Rxf3 Qxd4 $19) ({White has to play} 35. Qd1 $1 $18 Ng4 36. Rh3) 35... Ng4 $14 36. Rh3 {[%emt 0:01:20] Chess con chili.} e5 $2 {[%emt 0:00:11] [#]} (36... Rc4 $1 $11 37. Qd2 Qh6 38. Qxh6 Nxh6) 37. Qd2 $1 $18 e4 (37... Qh6 $142 38. Qxh6 Nxh6 39. Nf6+ Kf7) 38. Ng5 $2 (38. Rxh5 $18 Nxf2 39. Qxf2 (39. Rg5 $2 Nh3+ 40. gxh3 Nf3+ 41. Kf2 Nxd2 $19)) 38... Rf8 $2 {[%emt 0:00:32] [#]} (38... e3 $1 $14 39. fxe3 Qxg5 40. Qxd4 Rc7) 39. Nxe4 $1 dxe4 (39... Rad8 40. Ba2) 40. Ba2+ Rf7 $2 (40... Kh7) 41. Rxe4 Rd8 {[%emt 0:05:17][%cal Od4f3] Threatens to win with ...Nf3+!} 42. Qe1 Rdf8 43. Re7 {[%emt 0:04:05][%mdl 64] Pin} Nf6 $2 (43... Qf6 44. Rxh5 Kg7 45. Rxf7+ Rxf7 46. Bxf7 Kxf7 47. Rh7+ Kf8 48. Rxb7 Nc6) 44. Rg3 {[%emt 0:02:44] White is clearly winning.} Ng4 45. Rxf7 {[%emt 0:01:32][%mdl 64] Overworked Piece} Rxf7 46. Qe8+ {[%emt 0:00:12][%mdl 64] Pin, Deflection, Double Attack} Kh7 47. Bxf7 Qg5 {[%emt 0:00:07] ( -> ...Qc1+)} 48. Bc4 {[%emt 0:04:30] Weighted Error Value: White=0.36/Black=0.51} 1-0

[Event "55th Iranian-ch Men Final 2022"]
[Site "Iran"]
[Date "2022.06.22"]
[Round "10.7"]
[White "Rastbod, Ali"]
[Black "Tahbaz, Arash"]
[Result "1-0"]
[ECO "A25"]
[WhiteElo "2362"]
[BlackElo "2451"]
[Annotator "TA"]
[PlyCount "93"]
[EventDate "2022.06.15"]
[EventType "tourn"]
[EventCountry "IRI"]
[SourceTitle "playchess.com"]
[Source "ChessBase"]
[SourceQuality "1"]
[TimeControl "40/5400+30:1800+30"]

1. c4 g6 2. g3 Bg7 3. Bg2 Nc6 4. Nc3 e5 5. Rb1 f5 6. b4 Nf6 7. b5 {[%emt 0:04:54] A25: English Opening vs King's Indian with ...Nc6 but without early d3.} Ne7 8. c5 {[%emt 0:03:49] [#]} O-O $146 ({Predecessor:} 8... d5 9. cxd6 cxd6 10. Nf3 h6 11. Qb3 Nd7 12. Qb4 d5 13. d4 e4 14. Nd2 O-O {0-1 (42) Arnaudov,P-Radev Iordanov,N Sofia 1971}) 9. Nf3 {[%emt 0:33:23] White has an edge.} e4 10. Qb3+ $1 Kh8 11. Ng5 Qe8 $1 12. h4 h6 13. Nh3 b6 $1 14. Ba3 bxc5 15. Bxc5 d6 16. Bd4 c5 17. bxc6 Nxc6 18. Bxf6 Bxf6 19. Nf4 Nd4 20. Qd5 Be6 21. Nxe6 (21. Qxd6 {is more complex.} Qf7 22. h5 gxh5 23. Rxh5 Rad8 24. Qa6) 21... Qxe6 (21... Nxe6 $11 22. O-O Rd8) 22. Qxe6 (22. e3 $16) 22... Nxe6 $11 23. Nd5 Be5 24. O-O (24. e3 {feels hotter.} Rab8 25. Ke2 h5 26. d4) 24... Nc5 25. Ne7 Kg7 26. Nc6 (26. h5 $5) 26... Bf6 27. d4 Ne6 (27... exd3 $11 {remains equal.} 28. exd3 Rae8) 28. e3 $16 Rf7 29. Nb4 Rb8 {[%emt 0:00:00] [#] And now ...Rfb7 would win.} 30. Nd5 Rfb7 31. Rxb7+ Rxb7 32. Rc1 Nd8 {[%emt 0:00:00] Inhibits Rc6.} (32... Rb5 $1 $14) 33. a4 $18 Nf7 34. a5 {[%emt 0:00:30] Threatens to win with a6.} Bd8 35. a6 $36 {[%emt 0:01:43][%mdl 2048] Black is under strong pressure.} Rb5 36. Nf4 Kf6 37. Bf1 Ra5 (37... Rb8 $16 {might work better.} 38. Nd5+ Ke6) 38. Rc8 g5 39. hxg5+ hxg5 {[%emt 0:00:00] [#]} 40. Nh5+ Ke6 (40... Kg6 $142) 41. g4 f4 42. Ra8 {[%emt 0:04:07] White is more active.} Ra3 $2 {[%emt 0:03:03][%mdl 8192] This move loses the game for Black.} (42... d5 $16 {is tougher.}) 43. exf4 {[%emt 0:07:57] White is clearly winning.} Bb6 (43... gxf4 $142 44. Nxf4+ Kf6) 44. Re8+ Kd5 45. Nf6+ Kc6 46. Rc8+ Bc7 47. d5+ {[%emt 0:00:15] Weighted Error Value: White=0.13 (very precise) /Black=0.38} 1-0

[Event "55th Iranian-ch Men Final 2022"]
[Site "Iran"]
[Date "2022.06.22"]
[Round "11.1"]
[White "Tahbaz, Arash"]
[Black "Mosadeghpour, Masoud"]
[Result "1/2-1/2"]
[ECO "A08"]
[WhiteElo "2451"]
[BlackElo "2474"]
[Annotator "TA"]
[PlyCount "36"]
[EventDate "2022.06.15"]
[EventType "tourn"]
[EventCountry "IRI"]
[SourceTitle "playchess.com"]
[Source "ChessBase"]
[SourceQuality "1"]
[TimeControl "40/5400+30:1800+30"]

1. Nf3 d5 2. g3 Nf6 3. Bg2 g6 4. O-O Bg7 5. d3 O-O 6. Nbd2 c5 7. e4 Nc6 8. Re1 d4 9. a4 e5 10. Nc4 Ne8 $1 {[%emt 0:03:37] 10...Ne8 scores better than 10...Qc7.} 11. c3 Nd6 {[%emt 0:01:44] A08: King's Indian Attack.} 12. Nxd6 Qxd6 13. cxd4 Nxd4 {[%emt 0:03:05] Black has an edge.} 14. Nxd4 Qxd4 15. Qc2 {[%emt 1:27:23] The position is equal.} b6 16. Be3 Qd6 17. a5 $1 Be6 {[%emt 0:00:30] [#]} 18. axb6 $146 ({Predecessor:} 18. Ra3 Rad8 19. axb6 axb6 20. f4 exf4 21. gxf4 Bd4 22. Bxd4 Qxd4+ 23. Kh1 Rfe8 24. Ra6 {0-1 (36) Kraschl,J-Papaioannou,I (2335) Duisburg 1992}) 18... axb6 {Weighted Error Value: White=0.04 (flawless) /Black=0.01 (flawless)} 1/2-1/2